 Dungeon Crawl Stone Soup version 0.26-b1-25-gafae2e710b (webtiles) character file.

Game seed: 3112027811724645307

61899 teolandon225 the Unseen (level 14, -15/72 HPs)
             Began as a Spriggan Enchanter on Jan 4, 2021.
             Was the Champion of Dithmenos.
             Demolished by a boulder beetle (54 damage)
             ... on level 6 of the Lair of Beasts.
             The game lasted 01:27:15 (28423 turns).

teolandon225 the Unseen (Spriggan Enchanter)       Turns: 28423, Time: 01:27:15

Health: -15/72     AC:  7    Str:  4    XL:     14   Next: 62%
Magic:  6/25       EV: 34    Int: 18    God:    Dithmenos [******]
Gold:   1735       SH:  9    Dex: 26    Spells: 15/27 levels left

rFire    . . .     SeeInvis +   V - +4 rapier of Somewhere Else {speed, Stlth+}
rCold    . . .     Faith    .   b - +0 buckler
rNeg     . . .     Spirit   .   C - +0 steam dragon scales
rPois    +         Reflect  .   M - +0 hat
rElec    +         Harm     .   o - +1 cloak
rCorr    .         Rampage  .   (gloves unavailable)
Will     ++...                  (boots unavailable) Stlth ******++++
                                J - amulet of the acrobat
HPRegen  0.22/turn              e - +6 ring of dexterity
MPRegen  0.19/turn              y - ring of Bymiema {rElec rPois Stlth+}

@: wreathed by umbra, very quick
A: very small, unfitting armour, see invisible, speed 3
a: Renounce Religion, Shadow Step, Shadow Form


You were on level 6 of the Lair of Beasts.
You worshipped Dithmenos.
Dithmenos was exalted by your worship.
You visited 3 branches of the dungeon, and saw 20 of its levels.
You also visited: Ossuary and Bailey.

You collected 2065 gold pieces.
You spent 330 gold pieces at shops.

Inventory:

Hand Weapons
 q - a +9 quick blade
 E - a +2 dagger of venom
 V - the +4 rapier of Somewhere Else (weapon) {speed, Stlth+}
   (You found it on level 4 of the Dungeon)

   Attacks with this weapon are significantly faster.
   It makes you more stealthy.
Armour
 b - a +0 buckler (worn)
 o - a +1 cloak (worn)
 s - the +1 robe "Wuzompie" {rF- Str+7}
   (You found it on level 5 of the Dungeon)

   It affects your strength (+7).
   It makes you vulnerable to fire.
 C - +0 steam dragon scales (worn)
 M - a +0 hat (worn)
Jewellery
 a - an uncursed amulet of guardian spirit
 e - a +6 ring of dexterity (left hand)
 j - a +6 ring of dexterity
 w - an uncursed ring of protection from fire
 y - the ring of Bymiema (right hand) {rElec rPois Stlth+}
   (You acquired it on level 9 of the Dungeon)

   [ring of poison resistance]

   It insulates you from electricity.
   It protects you from poison.
   It makes you more stealthy.
 J - an amulet of the acrobat (around neck)
 K - an uncursed ring of wizardry
 P - a +6 ring of strength
 S - a +6 ring of intelligence
 U - an uncursed ring of stealth
 Y - an uncursed ring of willpower
 Z - an uncursed ring of resist corrosion
Wands
 f - a wand of flame (59)
 u - a wand of enslavement (10)
 D - a wand of acid (31)
 L - a wand of paralysis (33)
 O - a wand of iceblast (36)
 R - a wand of random effects (14)
 X - a wand of polymorph (16)
Scrolls
 i - a scroll of holy word
 k - a scroll of enchant weapon
 l - 11 scrolls of remove curse
 n - 4 scrolls of magic mapping
 r - 4 scrolls of amnesia
 t - 6 scrolls of fear
 v - 9 scrolls of identify
 F - 5 scrolls of fog
 G - 2 scrolls of enchant armour
 H - 7 scrolls of teleportation
Potions
 c - 7 potions of haste
 d - 4 potions of curing
 h - 2 potions of attraction
 m - 3 potions of lignification
 p - a potion of invisibility
 x - 6 potions of flight
 z - 3 potions of heal wounds
 A - 3 potions of ambrosia
 B - 5 potions of brilliance
 I - a potion of berserk rage
 N - 2 potions of magic
 Q - 2 potions of resistance
Miscellaneous
 g - a phantom mirror


   Skills:
 - Level 7.4 Fighting
 + Level 11.0 Short Blades
 + Level 14.2 Dodging
 + Level 15.2 Stealth
 - Level 7.2 Shields
 - Level 7.0 Spellcasting
 + Level 13.8 Hexes
 * Level 5.1 Invocations
 * Level 7.7 Evocations


You had 15 spell levels left.
You knew the following spells:

 Your Spells              Type           Power        Failure   Level
a - Confusing Touch       Hex            54%          1%          3
b - Corona                Hex            60%          1%          1
c - Tukima's Dance        Hex            54%          1%          3
d - Dazzling Flash        Conj/Hex       62%          1%          3
e - Ensorcelled Hibernat  Hex/Ice        62%          1%          2

Your spell library contained the following spells:

 Spells                   Type           Power        Failure   Level
 Slow                     Hex            54%          1%          2
 Animate Skeleton         Necr           12%          11%         1
 Foxfire                  Conj/Fire      24%          11%         1
 Magic Dart               Conj           24%          11%         1
 Shock                    Conj/Air       24%          11%         1
 Blink                    Tloc           N/A          16%         2
 Call Imp                 Summ           6%           16%         2
 Swiftness                Air            6%           16%         2
 Conjure Flame            Conj/Fire      6%           32%         3
 Mephitic Cloud           Conj/Pois/Air  6%           32%         3
 Static Discharge         Conj/Air       6%           32%         3
 Airstrike                Air            3%           71%         4
 Lightning Bolt           Conj/Air       3%           96%         5
 Spellforged Servitor     Conj/Summ      3%           100%        7


Dungeon Overview and Level Annotations

Branches:
Dungeon (13/15)            Temple (1/1) D:7            Lair (6/6) D:11
 Shoals (0/4) Lair:2        Snake (0/4) Lair:4        Slime (0/5) Lair:5
    Orc (0/2) D:11        Ossuary (visited)          Bailey (visited)
 Vaults: D:13-14

Altars:
Ashenzari
Cheibriados
Dithmenos
Elyvilon
Fedhas
Gozag
Hepliaklqana
Kikubaaqudgha
Makhleb
Nemelex Xobeh
Okawaru
Qazlal
Ru
Sif Muna
Trog
Uskayaw
Vehumet
Wu Jian
Xom
Yredelemnul
Zin
The Shining One

Shops:
D:6 !   D:7 [

Annotations:
D:7 exclusion: 2 downstairs
D:8 exclusion: downstairs
D:11 2 transporters, archon2's ghost, journeyman OpCj
Lair:3 exclusion: downstairs
Lair:5 exclusions: downstairs and 1 more exclusion
Lair:6 exclusion: oklob plant


Innate Abilities, Weirdness & Mutations

You are very small and have problems with some larger weapons.
You are too small for most types of armour.
You have supernaturally acute eyesight. (SInv)
You cover ground extremely quickly.


Message History

The boulder beetle completely misses you.
You miss the spriggan.
The spriggan is heavily wounded.
The boulder beetle closely misses you.
Casting: Dazzling Flash (safe; 1% risk of failure)
Confirm with . or Enter, or press ? or * to list all spells.
You don't have enough magic to cast that spell.
Unknown command.
Unknown command.
The boulder beetle curls into a ball and begins rolling!
You see here a wolf corpse.
You enter the shallow water.
Moving in this stuff is going to be slow.
The spriggan misses you.
The boulder beetle stops rolling and uncurls.
The boulder beetle curls into a ball and begins rolling!
There is a stone staircase leading up here.
The boulder beetle hits you!!!
Ouch! That really hurt!
You die...

♣ ♣♣...........♣♣ ♣♣..♣
♣♣♣.........#...♣ ♣♣...♣
........##...#..♣♣♣♣♣♣♣♣♣....♣
.............#...♣....≈♣♣..♣♣♣
............#...#.....≈≈..≈♣♣♣♣
.....)#.P........P....≈≈.....P#♣♣
.......#....#.........≈≈≈≈≈.....♣
......).#..###........≈≈≈≈≈....#
........P..##...@Bi°°°.........#
#...#.......................#.##
....#.P....................####
.....#.....................####
.#.........................#..#
#............................##
##.....................P.....#
##......................#...##
.......................##...#


You could see a boulder beetle and a spriggan.

Vanquished Creatures
  Josephine (D:12)
  9 hydras
  Harold (D:7)
  Erica (D:11)
  A centaur warrior (D:7)
  9 death yaks
  2 two-headed ogres
  2 unseen horrors (D:12)
  An orc knight (Bailey)
  A lindwurm (Lair:4)
  An ugly thing (D:11)
  A cyclops (D:11)
  18 elephants
  6 black mambas
  Maggie (D:10)
  Psyche (D:12)
  A torpor snail (Lair:4)
  8 cane toads
  A kobold demonologist (D:11)
  A rime drake (Lair:4)
  7 komodo dragons
  2 trolls
  5 hornets
  15 blink frogs
  6 polar bears
  2 dream sheep (Lair:6)
  2 basilisks
  9 spriggans (Lair:6)
  5 wraiths (D:12)
  46 yaks
  Sigmund (D:2)
  3 wyverns
  5 hogs (D:12)
  2 steam dragons
  2 nagas (Lair:4)
  Edmund (D:5)
  A soldier ant (D:11)
  Duvessa (D:4)
  15 water moccasins
  6 black bears
  14 orc warriors
  6 ice beasts
  A sky beast (D:7)
  5 ogres
  3 phantoms
  5 centaurs
  24 wolves
  A hornet zombie (D:8)
  5 boggarts (Lair:6)
  An elf zombie (Ossuary)
  3 big kobolds
  21 bullfrogs
  6 scorpions
  Dowan (D:5)
  5 killer bees (D:9)
  8 wights
  3 howler monkeys (D:7)
  2 centaur zombies
  4 centaur skeletons
  4 human zombies (Ossuary)
  A quasit (D:9)
  3 hounds
  4 orc priests
  9 jellies
  6 orc wizards
  Crazy Yiuf (D:2)
  2 bullfrog skeletons
  Jessica (D:2)
  5 iguanas
  4 hell rats
  12 worker ants
  A killer bee zombie (D:9)
  A hound zombie (D:7)
  3 hound skeletons
  2 mummies (Ossuary)
  2 howler monkey zombies
  A worker ant zombie (D:8)
  7 gnolls
  19 adders
  A shadow imp (D:10)
  2 white imps
  4 ufetubi
  3 oozes
  2 adder zombies
  2 worms
  2 dart slugs
  9 leopard geckos
  59 orcs
  2 giant cockroaches (D:4)
  9 goblins
  4 hobgoblins
  8 jackals
  24 kobolds
  8 quokkas
  2 ball pythons
  4 bats
  4 frilled lizards
  A goblin zombie (Ossuary)
  15 hobgoblin zombies (Ossuary)
  A jackal zombie (D:8)
  4 kobold zombies (Ossuary)
  A leopard gecko skeleton (D:6)
  8 orc zombies (Ossuary)
  4 rats
  A rat zombie (Ossuary)
593 creatures vanquished.

Vanquished Creatures (others)
  Kirke (D:12)
  50 fungi
  74 plants
125 creatures vanquished.

Grand Total: 718 creatures vanquished

Notes
Turn   | Place    | Note
-------+----------+-------------------------------------------
     0 | D:1      | teolandon225 the Spriggan Enchanter began the quest for the
                  | Orb.
     0 | D:1      | Reached XP level 1. HP: 9/9 MP: 5/5
   174 | D:1      | Reached XP level 2. HP: 13/13 MP: 6/6
   177 | D:1      | Learned a level 2 spell: Ensorcelled Hibernation
  1658 | D:1      | Reached skill level 5 in Stealth
  1682 | D:1      | Reached XP level 3. HP: 10/17 MP: 5/8
  2260 | D:2      | Noticed Sigmund
  2265 | D:2      | Killed Sigmund
  2266 | D:2      | Reached skill level 1 in Fighting
  2266 | D:2      | Reached skill level 6 in Stealth
  2266 | D:2      | Reached XP level 4. HP: 22/22 MP: 8/10
  2266 | D:2      | Reached XP level 5. HP: 25/25 MP: 8/11
  2358 | D:2      | Learned a level 3 spell: Confusing Touch
  2362 | D:2      | Learned a level 3 spell: Tukima's Dance
  2957 | D:2      | Noticed Jessica
  3037 | D:2      | Found a sacrificial altar of Ru.
  3064 | D:2      | Killed Jessica
  3065 | D:2      | Reached XP level 6. HP: 30/30 MP: 9/12
  3370 | D:2      | Found a runed translucent door.
  3371 | D:2      | Noticed Crazy Yiuf
  3630 | D:2      | Found a burning altar of Makhleb.
  3767 | D:2      | Killed Crazy Yiuf
  4516 | D:3      | Reached skill level 7 in Stealth
  4610 | D:3      | Found an opulent altar of Gozag.
  4614 | D:3      | Found a blossoming altar of Fedhas.
  5592 | D:4      | Reached XP level 7. HP: 28/34 MP: 11/14
  5720 | D:4      | Found a white marble altar of Elyvilon.
  5906 | D:4      | Reached skill level 5 in Hexes
  5997 | D:4      | Reached skill level 5 in Dodging
  6003 | D:4      | Reached skill level 8 in Stealth
  6328 | D:5      | Entered Level 5 of the Dungeon
  6333 | D:5      | Noticed Edmund
  6362 | D:5      | Noticed Dowan
  6362 | D:5      | Noticed Duvessa
  6559 | D:5      | Killed Dowan
  6560 | D:5      | Reached skill level 5 in Short Blades
  6560 | D:5      | Reached XP level 8. HP: 39/39 MP: 13/16
  6701 | D:4      | Killed Duvessa
  6741 | D:5      | Killed Edmund
  6742 | D:5      | Reached skill level 9 in Stealth
  6742 | D:5      | Reached skill level 5 in Spellcasting
  7681 | D:5      | Found a stormy altar of Qazlal.
  7725 | D:5      | Got a transparent robe
  7735 | D:5      | Identified the +1 robe "Wuzompie" {rF- Str+7} (You found it
                  | on level 5 of the Dungeon)
  7811 | D:6      | Found a basalt altar of Yredelemnul.
  7826 | D:6      | Reached skill level 10 in Stealth
  7995 | D:6      | Reached XP level 9. HP: 44/44 MP: 15/18
  8775 | D:6      | Found Holur's Distillery.
  8778 | D:6      | Bought a potion of flight for 30 gold pieces
  8778 | D:6      | Bought a potion of heal wounds for 50 gold pieces
  8778 | D:6      | Bought a potion of ambrosia for 80 gold pieces
  8778 | D:6      | Bought a potion of brilliance for 40 gold pieces
  8778 | D:6      | Bought a potion of heal wounds for 50 gold pieces
  8778 | D:6      | Bought a potion of ambrosia for 80 gold pieces
  9190 | D:7      | Found Jasoteh's Antique Armour Boutique.
  9215 | D:7      | Found a staircase to the Ecumenical Temple.
  9246 | D:7      | Noticed Harold
  9259 | Temple   | Entered the Ecumenical Temple
  9276 | Temple   | Became a worshipper of Dithmenos the Shadowed
  9561 | D:7      | Killed Harold
  9562 | D:7      | Reached skill level 11 in Stealth
  9768 | D:7      | Reached XP level 10. HP: 49/49 MP: 6/21
 10524 | D:8      | Noticed a two-headed ogre
 10590 | D:8      | Reached * piety under Dithmenos
 10737 | D:8      | Found a sand-covered staircase.
 10741 | D:8      | Got a faintly glowing flail
 10745 | Ossuary  | Entered an ossuary
 10781 | Ossuary  | Learned a level 3 spell: Dazzling Flash
 11000 | Ossuary  | Reached ** piety under Dithmenos
 11464 | D:8      | Found a white marble altar of Elyvilon.
 11599 | D:8      | Noticed a centaur warrior
 11882 | D:7      | Killed a centaur warrior
 12040 | D:8      | Reached skill level 12 in Stealth
 12262 | D:8      | Killed a two-headed ogre
 13258 | D:9      | Identified a scroll of acquirement
 13258 | D:9      | Acquired the ring of Bymiema {rElec rPois Stlth+}
 13275 | D:9      | Reached *** piety under Dithmenos
 13532 | D:9      | Reached skill level 10 in Hexes
 13573 | D:9      | Found a basalt altar of Yredelemnul.
 13590 | D:9      | Reached skill level 5 in Fighting
 13892 | D:9      | Reached XP level 11. HP: 35/55 MP: 14/22
 14457 | D:10     | Entered Level 10 of the Dungeon
 14635 | D:10     | Reached skill level 10 in Dodging
 14712 | D:10     | Noticed Maggie
 14720 | D:10     | Killed Maggie
 15346 | D:11     | Found a flagged portal.
 15363 | Bailey   | Entered a bailey
 15384 | Bailey   | Reached **** piety under Dithmenos
 15667 | Bailey   | Noticed an orc knight
 15671 | Bailey   | Killed an orc knight
 16033 | D:11     | Acquired a +5 quick blade
 16068 | D:11     | Found a staircase to the Orcish Mines.
 16175 | D:11     | Found a staircase to the Lair.
 16245 | D:11     | Reached skill level 13 in Stealth
 16282 | D:11     | Noticed Erica
 16286 | D:11     | Killed Erica
 16297 | D:11     | Found a transporter.
 16297 | D:11     | Identified the +6 great mace of Mecomnil {protect, +Blink
                  | Int+3}
 16297 | D:11     | Noticed a two-headed ogre
 16297 | D:11     | Noticed archon2's ghost (journeyman OpCj)
 16298 | D:11     | Found a transporter.
 16299 | D:11     | Noticed a two-headed ogre
 16453 | D:11     | Noticed a white ugly thing
 16458 | D:11     | Killed a white ugly thing
 16481 | D:11     | Found a stormy altar of Qazlal.
 16951 | D:12     | Noticed Psyche
 16953 | D:12     | Killed Psyche
 17065 | D:12     | Noticed Kirke
 17119 | D:12     | Noticed a lindwurm
 17122 | D:12     | Noticed a lindwurm
 17127 | D:12     | Killed Kirke
 17128 | D:12     | Reached XP level 12. HP: 14/61 MP: 8/23
 17399 | D:12     | Noticed a two-headed ogre
 17406 | D:12     | Killed a two-headed ogre
 17470 | D:12     | Noticed Josephine
 17481 | D:12     | Killed Josephine
 18247 | Lair:1   | Entered Level 1 of the Lair of Beasts
 18413 | Lair:1   | Reached skill level 10 in Short Blades
 18896 | Lair:1   | Reached skill level 14 in Stealth
 19398 | D:4      | Got a dazzling rapier
 19398 | D:4      | Identified the +4 rapier of Somewhere Else {speed, Stlth+}
                  | (You found it on level 4 of the Dungeon)
 19612 | Lair:2   | Found a staircase to the Shoals.
 19619 | Lair:2   | Noticed a seven-headed hydra
 19628 | Lair:2   | Killed a seven-headed hydra
 20547 | Lair:3   | Reached skill level 1 in Evocations
 20703 | Lair:2   | Reached skill level 1 in Invocations
 20973 | Lair:3   | Reached ***** piety under Dithmenos
 21398 | Lair:3   | Reached XP level 13. HP: 64/67 MP: 12/24
 22267 | Lair:4   | Reached skill level 5 in Evocations
 22356 | Lair:4   | Reached skill level 1 in Shields
 22543 | Lair:4   | Found a staircase to the Snake Pit.
 23743 | Lair:5   | Reached skill level 5 in Shields
 24612 | Lair:5   | Reached ****** piety under Dithmenos
 24675 | Lair:5   | Found a staircase to the Slime Pits.
 25017 | Lair:6   | Entered Level 6 of the Lair of Beasts
 25049 | Lair:6   | Identified Xiczunn's Almanac of Evil Rituals and
                  | Conjuration
 25251 | Lair:6   | Reached XP level 14. HP: 72/72 MP: 25/25
 26012 | Lair:5   | Acquired 601 gold pieces
 26879 | Lair:6   | Reached skill level 15 in Stealth
 28107 | Lair:6   | Reached skill level 5 in Invocations
 28423 | Lair:6   | Demolished by a boulder beetle

Illustrated notes

Levels and vault maps discovered:
D:1:      lordsloth_arrival_two_stooges, layout_loops_corners
D:2:      layout_loops_ring, lemuel_round_altar, hangedman_ru_absence,
          uniq_sigmund, uniq_jessica, uniq_crazy_yiuf_cottage
D:3:      layout_loops_corners, minitemple, serial_aquarium,
          aquarium_bridge_straight [aquarium_subvault_bridge,
          aquarium_subvault_balcony, aquarium_subvault_bridge,
          aquarium_subvault_balcony], aquarium_bridge_square
          [aquarium_subvault_bridge, aquarium_subvault_window,
          aquarium_subvault_bridge, aquarium_subvault_wall],
          aquarium_window_fake, aquarium_window_1, aquarium_window_1,
          aquarium_window_1, aquarium_view_2d, aquarium_view_2d,
          aquarium_balcony_5b, aquarium_pool_corner
D:4:      layout_gridville, general_overflow_altar, minmay_cut_off
D:5:      layout_cave_pools, kennysheep_mini_moat, uniq_edmund, uniq_duvessa
D:6:      layout_basic, serial_shops, nicolae_shop_trees, basic_altar
D:7:      layout_loops_ring, minmay_temple_entry_tees, serial_shops,
          shop_fountains, minivault_10, minmay_crystal_room, uniq_harold
D:8:      cheibrodos_fzero, layout_cave_pools, special_room [special_room_orc],
          nicolae_ossuary_entry_monument, amcnicky_mini_rare_corridor_liquid,
          chequers_serial_rivers_micro_a, elyvilon_altar_1
D:9:      layout_stronghold, kennysheep_small_circle
D:10:     layout_basic, uniq_maggie
D:11:     kennysheep_six_static_rooms, layout_irregular_city,
          grunt_lair_entry_orc_guard_hut, orc_0_dummy, enter_bailey_2,
          gammafunk_ghost_smash, nicolae_qazlal_general_emergency, uniq_erica
D:12:     layout_stronghold, grunt_decor_cap, uniq_psyche, uniq_kirke,
          uniq_josephine
D:13:     layout_roguey, basic_altar
Temple:   lightli_temple_of_artemis
Lair:1:   layout_loops_ring
Lair:2:   layout_loops_ring, elwin_shoals_entry_rocks
Lair:3:   layout_chaotic_city
Lair:4:   cheibrodos_lair_overgrown_chateau, layout_loops_ring,
          guppyfry_snake_entry_garden
Lair:5:   layout_roguey, nicolae_slime_entry_slimehenge
Lair:6:   minmay_lair_end_enchanted_forest, layout_gridlike,
          chequers_serial_rivers_micro_d, minmay_lair_oklob_chamber

Skill      XL: |  1  2  3  4  5  6  7  8  9 10 11 12 13 14 |
---------------+-------------------------------------------+-----
Spellcasting   | 3 4 5 6 7 |  7.0
Stealth        | 5 6 7 8 10 11 12 13 14 15 | 15.2
Fighting       | 1 2 3 5 6 7 |  7.4
Short Blades   | 2 3 4 5 6 7 8 9 10 11 | 11.0
Dodging        | 4 5 6 7 9 12 13 14 | 14.2
Hexes          | 4 5 6 8 10 11 13 | 13.8
Evocations     | 3 5 7 |  7.7
Invocations    | 1 2 5 |  5.1
Shields        | 6 7 |  7.2

Action                   |  1- 3 |  4- 6 |  7- 9 | 10-12 | 13-15 || total
-------------------------+-------+-------+-------+-------+-------++-------
Melee: Dagger            |    98 |   129 |   255 |   794 |       ||  1276
       Quick blade       |       |       |       |   211 |       ||   211
       Rapier            |       |       |       |   149 |   842 ||   991
 Cast: Ensorcelled Hiber |    21 |    50 |    74 |    98 |   123 ||   366
       Corona            |     3 |     1 |       |     1 |       ||     5
       Confusing Touch   |       |     1 |    14 |    16 |    29 ||    60
       Dazzling Flash    |       |       |       |    43 |    49 ||    92
       Tukima's Dance    |       |       |       |     1 |       ||     1
Invok: Shadow Step       |       |       |       |     4 |       ||     4
  Use: Scroll            |     2 |     9 |     2 |    16 |    10 ||    39
       Potion            |       |       |       |     1 |       ||     1
 Stab: Sleeping          |    19 |    47 |    57 |   117 |    88 ||   328
       Confused          |       |     1 |    15 |    13 |    36 ||    65
       Distracted        |       |       |     3 |     8 |     3 ||    14
       Invisible         |       |       |       |    33 |    33 ||    66
Armor: Robe              |     3 |    11 |    19 |       |       ||    33
       Steam dragon scal |       |       |     1 |    56 |    25 ||    82
Dodge: Dodged            |    79 |    78 |   170 |   828 |   534 ||  1689
Block: Buckler           |       |       |       |       |   246 ||   246
